 Dungeon Crawl Stone Soup version 0.29.1-1-gd02db6906a (webtiles) character file.

Game seed: 15532348209512922042

1056 Godmorgon the Magician (level 8, -8/58 HPs)
             Began as a Djinni Ice Elementalist on Oct 4, 2022.
             Mangled by an orc warrior
             ... wielding a +0 morningstar
              (17 damage)
             ... on level 5 of the Dungeon.
             The game lasted 00:30:37 (8037 turns).

Godmorgon the Magician (Djinni Ice Elementalist)    Turns: 8037, Time: 00:30:37

Health: -8/58      AC:  4    Str:  7    XL:     8   Next: 51%
Gold:   400        EV: 15    Int: 20    God:
                   SH:  0    Dex: 13

rFire   + + .      SeeInvis +   a - +0 long sword
rCold   x . .      Faith    .   (no shield)
rNeg    . . .      Spirit   .   f - +0 leather armour
rPois   ∞          Reflect  .   (no helmet)
rElec   .          Harm     .   (no cloak)
rCorr   .          Rampage  .   l - +0 pair of gloves
Will    .....                   (boots unavailable)
Stlth   ++........              (no amulet)
HPRegen 0.19/turn               g - ring of see invisible
MPRegen 0.00/turn               j - +4 ring of evasion

@: freezing walls, flying
A: sickness immunity, fire resistance 2, cold vulnerability 1, float, innate
caster, HP casting, extra vitality 1
a: no special abilities


You were on level 5 of the Dungeon.
You visited 1 branch of the dungeon, and saw 6 of its levels.

You collected 400 gold pieces.

Inventory:

Hand Weapons
 a - a +0 long sword (weapon)
Missiles
 d - 13 poisoned darts
Armour
 c - a +0 robe
 f - a +0 leather armour (worn)
 l - a +0 pair of gloves (worn)
Jewellery
 g - a ring of see invisible (left hand)
 j - a +4 ring of evasion (right hand)
 u - an amulet of regeneration
Scrolls
 h - 2 scrolls of immolation
 i - a scroll of poison
 k - a scroll of teleportation
 o - a scroll of butterflies
 p - a scroll of vulnerability {unknown}
 q - a scroll of fear
 s - 2 scrolls of amnesia {unknown}
 w - 2 scrolls of blinking {unknown}
 y - a scroll of silence {unknown}
 B - a scroll of torment {unknown}
 C - a scroll of enchant armour {unknown}
Potions
 b - 4 potions of curing
 e - a potion of lignification
 n - a potion of ambrosia {unknown}
 r - a potion of attraction {unknown}
 t - a potion of flight {unknown}
 v - a potion of degeneration {unknown}
 x - a potion of mutation {unknown}
 z - a potion of might {unknown}
 A - a potion of haste {unknown}


   Skills:
 + Level 3.8 Fighting
 + Level 3.6 Long Blades
 - Level 4.0 Armour
 - Level 2.1 Dodging
 - Level 1.5 Stealth
 * Level 5.6 Spellcasting


You had one spell level left.
You knew the following spells:

 Your Spells              Type           Power      Damage    Failure   Level
a - Ozocubu's Armour      Ice            28%        N/A       4%          3
f - Freeze                Ice            100%       1d11      1%          1
h - Hailstorm             Conj/Ice       28%        3d8       16%         4
r - Frozen Ramparts       Ice            56%        1d9       4%          3
s - Static Discharge      Conj/Air       28%        3-7/arc   2%          2
A - Apportation           Tloc           56%        N/A       1%          1
S - Spider Form           Tmut/Pois      28%        N/A       4%          3
Your spell library was empty.

Dungeon Overview and Level Annotations

Branches:
Dungeon (6/15)
 Temple: D:4-7

Altars:
Elyvilon
Gozag


Innate Abilities, Weirdness & Mutations

You are immune to sickness and miasma.
You are immune to poison.
Your flesh is very heat resistant. (rF++)
You are vulnerable to cold. (rC-)
You float through the air rather than walking.
You learn spells naturally, not from books.
Your magical power is your life essence.
You have superior vitality. (+4 MHP)


Message History

a +0 short sword; 2 boomerangs; a +0 hand axe You see here a +0 robe.
There is a stone staircase leading down here.
Found a mace.
You see here a +0 mace.
Done exploring.
There is a stone staircase leading down here.
You fly downwards.
The orc shouts!
The orc warrior shouts!
You hear a shout!
The orc wizard shouts!
There is a stone staircase leading up here.
The orc hits you with a +0 mace.
The orc warrior hits you with a +0 morningstar!
You fly upwards.
There is a stone staircase leading down here.
Sorry, you're not good enough to have a special ability.
Casting: Spider Form (dangerous; 4% risk of failure)
Confirm with . or Enter, or press ? or * to list all spells.
Casting: Frozen Ramparts (dangerous; 4% risk of failure)
Press: ? - help, Dir - look around, f - activate A stone staircase leading down.
The walls around you are covered in ice.
The wall freezes the orc.
The orc hits you with a +0 mace.
The wall freezes the orc warrior.
The orc warrior barely misses you.
You barely miss the orc warrior.
The orc warrior is lightly wounded.
The wall freezes the orc!
You kill the orc!
The wall freezes the orc warrior.
The orc warrior hits you with a +0 morningstar!
You hit the orc warrior.
The orc warrior is moderately wounded.
The wall freezes the orc warrior but does no damage.
The orc warrior hits you with a +0 morningstar!!
* * * LOW HITPOINT WARNING * * *
You barely miss the orc warrior.
The orc warrior is moderately wounded.
The wall freezes the orc warrior.
The orc warrior hits you with a +0 morningstar!
You die...

##########
############...>....####
#.......................
##########.#######.##.####...####
.......[.#># #....#.........##
########.#.######..##.####......#
#........)@o......##.......
#.....#####..##....##.....#
######.......##.....#..#.##
##.#######...#........#.##
########~~. ##.#.#......#.##.#.
.......#P.~####.##.##....##.##.#.
#########.##.....................
#########.##.##.########.#.
#.....# ##.#.#.## #.#.


You could see an orc warrior.

Vanquished Creatures
  Sigmund (D:2)
  A water moccasin (D:5)
  A centaur (D:5)
  An ogre (D:4)
  3 phantoms
  A bullfrog (D:4)
  A scorpion (D:4)
  A jelly (D:3)
  4 gnolls (D:3)
  7 adders
  3 worms
  2 dart slugs
  24 orcs
  8 ball pythons
  11 endoplasms
  4 giant cockroaches
  8 goblins
  4 hobgoblins
  7 jackals
  9 kobolds
  4 quokkas
  11 bats
  7 frilled lizards
  6 rats
129 creatures vanquished.

Vanquished Creatures (others)
  A fungus (D:5)
  2 plants (D:3)
3 creatures vanquished.

Grand Total: 132 creatures vanquished

Notes
Turn   | Place    | Note
-------+----------+-------------------------------------------
     0 | D:1      | Godmorgon the Djinni Ice Elementalist began the quest for
                  | the Orb.
     0 | D:1      | Godmorgon set off with the following spells memorised:
                  | Freeze, Frozen Ramparts, Ozocubu's Armour, Hailstorm.
     0 | D:1      | Reached XP level 1. HP: 15/15 MP: 0/0
   123 | D:1      | Reached XP level 2. HP: 16/22 MP: 0/0
   929 | D:1      | Reached skill level 1 in Fighting
  1040 | D:1      | Reached XP level 3. HP: 22/27 MP: 0/0
  1040 | D:1      | Learned a level 1 spell: Apportation
  1230 | D:1      | Found a faded altar of an unknown god.
  1272 | D:1      | Reached skill level 1 in Long Blades
  1956 | D:2      | Reached XP level 4. HP: 27/32 MP: 0/0
  2034 | D:2      | Noticed Sigmund
  2059 | D:2      | Killed Sigmund
  2060 | D:2      | Reached skill level 4 in Spellcasting
  2060 | D:2      | Reached XP level 5. HP: 12/39 MP: 0/0
  2060 | D:2      | Learned a level 2 spell: Static Discharge
  2060 | D:2      | Reached XP level 6. HP: 14/45 MP: 0/0
  3558 | D:3      | Found an opulent altar of Gozag.
  3704 | D:3      | Found a white marble altar of Elyvilon.
  4281 | D:3      | Reached skill level 1 in Armour
  4493 | D:3      | Reached XP level 7. HP: 34/49 MP: 0/0
  4493 | D:3      | Learned a level 3 spell: Spider Form
  5178 | D:4      | Reached skill level 5 in Spellcasting
  5984 | D:4      | Reached XP level 8. HP: 47/56 MP: 0/0
  6061 | D:5      | Entered Level 5 of the Dungeon
  8037 | D:5      | Mangled by an orc warrior

Illustrated notes

Levels and vault maps discovered:
D:1:      dpeg_cavernosity, layout_basic, hellmonk_ecumenical_altar_arch_garden
D:2:      minmay_wonky_spiral, layout_basic, uniq_sigmund
D:3:      layout_basic, nicolae_gozag_seed_capital,
          nicolae_elyvilon_temple_path, hex_intersection
D:4:      layout_basic, minmay_quadrilaterals
D:5:      layout_loops_ring, serial_aquarium, aquarium_bridge_straight
          [aquarium_subvault_bridge, aquarium_subvault_wall,
          aquarium_subvault_bridge, aquarium_subvault_window],
          aquarium_window_1, aquarium_window_fake, aquarium_view_2d,
          aquarium_view_2c, aquarium_balcony_3a
D:6:      layout_layer_cave, minmay_temple_entry_glassed_door, minivault_25,
          st_stairs_6, amcnicky_mini_pool_small, nicolae_figureground_sparkle

Skill      XL: |  1  2  3  4  5  6  7  8 |
---------------+-------------------------+-----
Fighting       | 1 2 3 |  3.8
Long Blades    | 1 2 3 |  3.6
Spellcasting   | 4 5 |  5.6
Armour         | 1 3 4 |  4.0
Dodging        | |  2.1
Stealth        | |  1.5

Action                   |  1- 3 |  4- 6 |  7- 9 || total
-------------------------+-------+-------+-------++-------
Melee: Long sword        |    10 |    26 |    52 ||    88
       Unarmed           |       |       |    72 ||    72
 Cast: Freeze            |    50 |       |       ||    50
       Frozen Ramparts   |       |     5 |     9 ||    14
       Static Discharge  |       |    45 |    16 ||    61
       Spider Form       |       |       |     6 ||     6
       Ozocubu's Armour  |       |       |     3 ||     3
  Use: Scroll            |       |       |     9 ||     9
       Potion            |       |       |     2 ||     2
 Stab: Sleeping          |       |       |     1 ||     1
Armor: Robe              |     5 |     2 |       ||     7
       Leather armour    |       |     9 |     9 ||    18
       Skin              |       |       |     4 ||     4
Dodge: Dodged            |    21 |    52 |   106 ||   179
